 Dungeon Crawl Stone Soup version 0.31.0-1-g2c135a0 (webtiles) character file.

Game seed: 18343472313970895962

33 jagoly the Trooper (level 3, 0/24 HPs)
             Began as a Gargoyle Monk on Jan 27, 2024.
             Slain by Jessica
             ... wielding a +0 club
              (3 damage)
             ... on level 2 of the Dungeon.
             The game lasted 00:02:42 (228 turns).

jagoly the Trooper (Gargoyle Monk)                   Turns: 228, Time: 00:02:43

Health: 0/24       AC:  5    Str: 16    XL:     3   Next: 29%
Magic:  3/3        EV: 12    Int: 10    God:
Gold:   82         SH:  0    Dex: 12    Spells: 2/2 levels left

rFire   . . .        a - +0 hand axe
rCold   . . .        d - orb {light}
rNeg    + . .        b - +0 robe
rPois   ∞            (no helmet)
rElec   +            (no cloak)
rCorr   .            (no gloves)
SInv    .            (no boots)
Will    .....        (no amulet)
Stlth   +            (no ring)
HPRegen 0.24/turn    (no ring)
MPRegen 0.08/turn

%: no passive effects
@: slowed, glowing, very slow
A: sickness immunity, AC +3, negative energy resistance 1, electricity
resistance, torment resistance 1, petrification resistance
a: no special abilities


You were on level 2 of the Dungeon.
You visited 1 branch of the dungeon, and saw 2 of its levels.

You collected 82 gold pieces.

Inventory:

Hand Weapons
 a - a +0 hand axe (weapon)
Missiles
 e - 9 stones (quivered)
 i - 6 poisoned darts
 j - a throwing net
Armour
 b - a +0 robe (worn)
 d - an orb of light (worn)
Scrolls
 f - a scroll of fog {unknown}
 g - a scroll of noise {unknown}
 h - a scroll of identify {unknown}
Potions
 c - a potion of ambrosia


   Skills:
 + Level 3.7 Fighting
 * Level 3.3 Axes
 - Level 2.4 Dodging
 + Level 1.4 Stealth


You had 2 spell levels left.
You didn't know any spells.
Your spell library contained the following spells:

 Spells                   Type           Power      Damage    Failure   Level
 Apportation              Tloc           0%         N/A       36%         1
 Freeze                   Ice            0%         1d3       36%         1
 Jinxbite                 Hex            0%         N/A       50%         2
 Frozen Ramparts          Ice            0%         1d1       75%         3
 Hailstorm                Conj/Ice       0%         3d5       75%         3
 Alistair's Intoxication  Alch           0%         N/A       100%        5


Dungeon Overview and Level Annotations

Branches:
Dungeon (2/15) Zot: 11762

Altars:

Annotations:
D:2 Jessica


Innate Abilities, Weirdness & Mutations

You are immune to sickness and miasma.
Your stone body is resilient. (AC +3)
You are immune to poison.
You resist negative energy. (rN+)
You are resistant to electric shocks. (rElec)
You are resistant to unholy torment.
You are immune to petrification.


Message History

Welcome, jagoly the Gargoyle Monk.
Are you destined to find the sublime Orb of Zot, or to die trying?
Press ? for a list of commands and other information.
Found a staircase leading out of the dungeon.
Found an escape hatch in the floor.
A goblin comes into view. It is wielding a +0 dagger.
The goblin shouts!
You hit the goblin.
The goblin is heavily wounded.
The goblin hits you but does no damage.
You barely miss the goblin.
The goblin is heavily wounded.
The goblin hits you with a +0 dagger.
You hit the goblin.
The goblin is severely wounded.
The goblin closely misses you.
You hit the goblin.
You kill the goblin!
No target in view!
No target in view!
Found 10 gold pieces.
Things that are here:
a +0 dagger; a goblin corpse
Found a book of Frost.
A rat comes into view.
The rat squeaks loudly.
You see here 10 gold pieces.
You now have 10 gold pieces.
A kobold comes into view. It is wielding a +0 short sword.
A giant cockroach comes into view.
A goblin comes into view. It is wielding a +0 dagger.
The goblin shouts!
The kobold shouts!
You hit the rat but do no damage.
The rat twitches its whiskers.
The rat bites you.
A ball python comes into view.
You hit the kobold.
The kobold is heavily wounded.
You barely miss the rat. The rat bites you.
The kobold hits you with a +0 short sword.
The kobold misses you. The rat bites you but does no damage.
You hit the kobold.
The kobold is severely wounded.
You barely miss the rat. The rat closely misses you.
The kobold barely misses you.
You hit the kobold.
You kill the kobold!
You hit the rat.
You kill the rat!
You hit the giant cockroach.
The giant cockroach bites you but does no damage.
The giant cockroach closely misses you.
You hit the giant cockroach.
You kill the giant cockroach!
You hit the goblin.
You kill the goblin!
The ball python barely misses you. The ball python closely misses you.
Things that are here:
a book of Frost; a giant cockroach corpse You hit the ball python.
You kill the ball python!
Your Axes skill increases to level 3!
You have reached level 2!
You pick up a book of Frost and begin reading...
You add the spells Freeze, Frozen Ramparts and Hailstorm to your library.
Press: ? - help, v - describe, . - travel, g - get item
Items here: a +0 short sword; 3 stones; a kobold corpse.
The floor.
This square is lit by a halo.
HP restored.
Things that are here:
a +0 short sword; 3 stones; a kobold corpse
e - 3 stones
Found a scroll labelled HAQIBL FOSI.
A quokka comes into view.
An endoplasm comes into view.
The endoplasm quivers.
The endoplasm moves out of view.
You see here a scroll labelled HAQIBL FOSI.
Unknown command.
f - a scroll labelled HAQIBL FOSI You hit the endoplasm.
The endoplasm is moderately wounded.
The endoplasm closely misses you.
You hit the endoplasm.
You kill the endoplasm!
No target in view!
No target in view!
Found 9 gold pieces.
You now have 19 gold pieces (gained 9).
A frilled lizard comes into view.
Found a scroll labelled OWKOTE BEIR.
The frilled lizard hisses angrily.
Found 6 poisoned darts.
The frilled lizard bites you but does no damage.
You hit the frilled lizard.
The frilled lizard is heavily wounded.
The frilled lizard bites you.
The frilled lizard bites you but does no damage.
You hit the frilled lizard.
You kill the frilled lizard!
No target in view!
Found a scroll labelled ILUSEBLICK.
Found 13 gold pieces.
g - a scroll labelled OWKOTE BEIR
h - a scroll labelled ILUSEBLICK
Found 16 gold pieces.
You now have 32 gold pieces (gained 13).
You now have 48 gold pieces (gained 16).
You see here 6 poisoned darts.
i - 6 poisoned darts A hobgoblin comes into view.
Found a faded altar of an unknown god.
A quokka and a giant cockroach come into view.
A hobgoblin comes into view.
Found a book of Party Tricks.
Found a stone staircase leading down.
The hobgoblin shouts!
A ball python comes into view.
A hobgoblin comes into view.
Found a dagger.
The hobgoblin shouts!
The giant cockroach waves its antennae.
You hit the hobgoblin.
You kill the hobgoblin!
You closely miss the quokka. The quokka misses you.
You hit the hobgoblin but do no damage. You hit the quokka.
The quokka barely misses you.
A hobgoblin comes into view.
The hobgoblin barely misses you.
You completely miss the quokka.
The quokka is heavily wounded.
The hobgoblin shouts!
You hit the hobgoblin but do no damage. The quokka bites you.
The hobgoblin completely misses you. The quokka barely misses you.
You hit the quokka.
You kill the quokka!
You completely miss the hobgoblin. The hobgoblin barely misses you.
Your Stealth skill increases to level 1!
The ball python hisses angrily.
You hit the hobgoblin but do no damage. You hit the hobgoblin.
You completely miss the hobgoblin. The hobgoblin hits you. x2
The hobgoblin barely misses you.
You hit the hobgoblin but do no damage.
The hobgoblin is almost dead.
You hit the hobgoblin. x2; The hobgoblin barely misses you.
The hobgoblin closely misses you.
The hobgoblin hits you but does no damage.
The hobgoblin hits you. x2; The hobgoblin barely misses you.
You hit the hobgoblin but do no damage.
The hobgoblin is almost dead.
You barely miss the hobgoblin. x2; The hobgoblin hits you.
* * * LOW HITPOINT WARNING * * *
The hobgoblin hits you.
* * * LOW HITPOINT WARNING * * *
The hobgoblin closely misses you.
Cleave: a) +0 hand axe
Press: ? - help, Dir - move target, f - hobgoblin
Aim: a hobgoblin (severely wounded, haloed, about 21% to evade your +0 hand axe)
You hit the hobgoblin.
You kill the hobgoblin!
You hit the hobgoblin but do no damage. You hit the hobgoblin.
The hobgoblin closely misses you. The hobgoblin completely misses you.
Cleave: a) +0 hand axe
Press: ? - help, Dir - move target, f - hobgoblin
Aim: a hobgoblin (almost dead, haloed, about 21% to evade your +0 hand axe)
You hit the hobgoblin.
You kill the hobgoblin!
You hit the hobgoblin.
You kill the hobgoblin!
You hit the giant cockroach. The giant cockroach closely misses you.
The giant cockroach bites you.
* * * LOW HITPOINT WARNING * * *
The ball python bites you but does no damage.
The ball python grabs you. The ball python constricts you.
* * * LOW HITPOINT WARNING * * *
The ball python's grasp on you weakens, but your attempt to escape fails.
The giant cockroach bites you but does no damage.
The ball python bites you but does no damage.
The ball python constricts you.
You escape the ball python's grasp.
Things that are here:
3 gold pieces; a hobgoblin corpse Cleave: a) +0 hand axe
Press: ? - help, Dir - move target, f - giant cockroach
Aim: a giant cockroach (heavily wounded, haloed, about 21% to evade your +0 hand axe)
You hit the giant cockroach.
You kill the giant cockroach!
The ball python barely misses you. The ball python grabs you.
The ball python constricts you.
Cleave: a) +0 hand axe
Press: ? - help, Dir - move target, f - ball python
Aim: a ball python (constricting you, haloed, about 25% to evade your +0 hand axe)
You hit the ball python.
You kill the ball python!
You now have 51 gold pieces (gained 3).
There is a faded altar of an unknown god here.
This altar belongs to (a) Vehumet, (b) Zin or (c) Xom, but you can't tell which.
Press the corresponding letter to learn more about a god, or press enter to convert or escape to cancel.
Okay, then.
You see here a hobgoblin corpse.
Things that are here:
a ball python corpse; a giant cockroach corpse
Things that are here:
a hobgoblin corpse; a quokka corpse You pick up a book of Party Tricks and begin reading...
You add the spells Apportation, Jinxbite and Alistair's Intoxication to your library.
Found 7 gold pieces.
Found 6 stones.
Found a throwing net.
There is a stone staircase leading down here.
You climb downwards.
There is a stone staircase leading up here.
You climb upwards.
There is a stone staircase leading down here.
You now have 58 gold pieces (gained 7).
e - 9 stones (gained 6)
j - a throwing net An endoplasm comes into view.
Found a stone staircase leading down.
Found 11 gold pieces.
The endoplasm quivers.
You hit the endoplasm.
You kill the endoplasm!
HP restored.
You now have 69 gold pieces (gained 11).
A quokka comes into view.
Found 13 gold pieces.
A quokka is nearby!
A ball python comes into view.
The ball python hisses angrily.
The quokka bites you but does no damage.
You hit the quokka but do no damage. The quokka closely misses you.
You closely miss the quokka. The quokka closely misses you.
The quokka bites you but does no damage.
You closely miss the quokka. The quokka closely misses you.
You hit the ball python.
The ball python is severely wounded.
You hit the quokka but do no damage. The quokka closely misses you.
The ball python barely misses you. x2
The quokka bites you but does no damage.
You barely miss the ball python.
The ball python is severely wounded.
You closely miss the quokka. The ball python bites you.
The ball python completely misses you. The quokka barely misses you.
You hit the ball python but do no damage.
The ball python is severely wounded.
You barely miss the quokka. The ball python closely misses you. x2
The quokka closely misses you.
The ball python bites you but does no damage.
The ball python misses you.
You hit the ball python.
You kill the ball python!
You hit the quokka. The quokka closely misses you. The quokka bites you.
You hit the quokka but do no damage.
The quokka is heavily wounded.
The quokka bites you.
You closely miss the quokka.
The quokka is heavily wounded.
The quokka misses you.
You hit the quokka but do no damage.
The quokka is heavily wounded.
The quokka closely misses you. The quokka bites you.
You hit the quokka.
The quokka is severely wounded.
The quokka closely misses you.
You hit the quokka.
You kill the quokka!
You have reached level 3!
Your experience leads to an increase in your attributes!
Increase (S)trength, (I)ntelligence, or (D)exterity?
You feel stronger. x2
You now have 82 gold pieces (gained 13).
There is a stone staircase leading down, spattered with blood here.
You can't go up here!
You climb downwards.
Jessica shouts!
The adder hisses angrily.
The frilled lizard hisses angrily.
Found 12 gold pieces.
Found a stone staircase leading up.
There is a stone staircase leading up here.
You barely miss the adder. The adder bites you. The adder closely misses you.
A dart slug comes into view.
You completely miss the adder. The adder closely misses you.
You hit the adder.
The adder is lightly wounded.
You hit the frilled lizard.
You kill the frilled lizard!
The adder bites you but does no damage.
Jessica gestures wildly while chanting.
Jessica seems to speed up.
The adder misses you.
You hear a shout!
You closely miss the adder.
The adder is lightly wounded.
Jessica mumbles something strange.
The adder barely misses you.
You slash the adder!
The adder is almost dead.
The adder bites you.
You barely miss the adder.
The adder is almost dead.
You hit Jessica. The adder completely misses you.
Jessica mumbles some strange words.
Jessica blinks!
The adder bites you.
A kobold comes into view. It is wielding a +0 dagger.
Jessica shouts, "I don't like beings like you!"
Jessica misses you. The dart slug launches a dart at you.
The slug dart misses you.
You closely miss the adder.
The adder is almost dead.
You hit Jessica but do no damage. The adder closely misses you.
Jessica hits you with a +0 club. x2; The adder bites you.
The dart slug launches a dart at you.
The slug dart hits you but does no damage.
You hit the adder.
The adder is almost dead.
You hit Jessica.
Jessica points at you and mumbles some strange words.
You feel yourself slow down. The adder bites you but does no damage.
Cleave: a) +0 hand axe
Press: ? - help, Dir - move target, f - adder
Aim: an adder (almost dead, haloed, about 40% to evade your +0 hand axe)
You hit the adder.
You kill the adder!
You hit Jessica.
Jessica shouts, "Stop bothering me, or I'll kill you!"
Jessica hits you with a +0 club.
* * * LOW HITPOINT WARNING * * *
A rat comes into view.
Jessica gestures at you while chanting. Pain shoots through your body!
* * * LOW HITPOINT WARNING * * *
Jessica closely misses you.
Cleave: a) +0 hand axe
Press: ? - help, Dir - move target, f - Jessica
Aim: Jessica, wielding a +0 club and wearing a +0 robe (severely wounded, fast, haloed, about 21% to evade your +0 hand axe)
You barely miss Jessica.
Jessica is severely wounded.
The rat squeaks loudly.
You hit the dart slug. Jessica closely misses you.
Jessica hits you with a +0 club.
* * * LOW HITPOINT WARNING * * *
The dart slug launches a dart at you. The slug dart hits you.
* * * LOW HITPOINT WARNING * * *
The kobold barely misses you.
Cleave: a) +0 hand axe
Press: ? - help, Dir - move target, f/p - Jessica
Aim: Jessica, wielding a +0 club and wearing a +0 robe (severely wounded, fast, haloed, about 21% to evade your +0 hand axe)
You barely miss Jessica.
Jessica is severely wounded.
You hit the dart slug but do no damage. You barely miss the kobold.
Jessica barely misses you. Jessica hits you with a +0 club.
You die...

#. # .# # . ..
.#. .# #
#...###.####.#
###.#$.r.......
......<.w......
#....@@.# #
......†#K.#
#.########
###.... ..#
#..<......
##... ..#
#.#####.## ##.#
..# # #. ... #.
.#.# #. .#..


You could see a dart slug, Jessica (fast), a kobold and a rat.

Vanquished Creatures
  An adder (D:2)
  3 ball pythons (D:1)
  2 endoplasms (D:1)
  2 giant cockroaches (D:1)
  2 goblins (D:1)
  4 hobgoblins (D:1)
  A kobold (D:1)
  2 quokkas (D:1)
  2 frilled lizards
  A rat (D:1)
20 creatures vanquished.

Notes
Turn   | Place    | Note
-------+----------+-------------------------------------------
     0 | D:1      | jagoly the Gargoyle Monk began the quest for the Orb.
     0 | D:1      | Reached XP level 1. HP: 14/14 MP: 1/1
    48 | D:1      | Reached XP level 2. HP: 17/19 MP: 2/2
   116 | D:1      | Found a faded altar of an unknown god.
   127 | D:1      | Reached skill level 1 in Stealth
   206 | D:1      | Reached XP level 3. HP: 20/23 MP: 3/3
   217 | D:2      | Noticed Jessica
   228 | D:2      | Slain by Jessica

Illustrated notes

Levels and vault maps discovered:
D:1:      lemuel_arrival_cross, layout_basic,
          shapermc_ecumenical_altar_mp_highgroup, st_stairs_4
D:2:      layout_loops_ring, uniq_jessica, uniq_natasha, uniq_robin

Skill      XL: |  1  2 |
---------------+-------+-----
Axes           | 3 |  3.3
Stealth        | 1 |  1.4
Fighting       | |  3.7
Dodging        | |  2.4

Action                     || total
---------------------------++-------
  Melee: Hand axe          ||    49
 Armour: Robe              ||    43
  Dodge: Dodged            ||    51
